 Dungeon Crawl Stone Soup version 0.24.0-125-gc4c63601f3 (webtiles) character file.

Game seed: 3497568837002815719, levelgen mode: deterministic

360 Mesmaeker13 the Digger (level 6, 0/36 HPs)
             Began as an Octopode Earth Elementalist on Feb 16, 2020.
             Slain by Sigmund
             ... wielding a +0 scythe
              (6 damage)
             ... on level 5 of the Dungeon.
             The game lasted 00:04:58 (4598 turns).

Mesmaeker13 the Digger (OpEE)                       Turns: 4598, Time: 00:04:58

Health: 0/36       AC:  1    Str:  7    XL:     6   Next: 65%
Magic:  2/10       EV: 15    Int: 20    God:
Gold:   205        SH:  0    Dex: 12    Spells: 7/11 levels left

rFire    x . .     SeeInvis .   s - +0 spear
rCold    + . .     Gourm    .   (no shield)
rNeg     . . .     Faith    .   (helmet restricted)
rPois    .         Spirit   .   (no amulet)
rElec    .         Reflect  .   h - ring of ice
rCorr    .         Harm     .   (no ring)
MR       .....                  l - ring of stealth
Stlth    +++++.....             p - ring of stealth
HPRegen  0.12/turn              (no ring)
MPRegen  0.12/turn              (no ring)
                                (no ring)
                                (no ring)

@: no status effects
A: almost no armour, stealthy swim, amphibious, 8 rings, constrict 8, camouflage
1, gelatinous body 1
a: no special abilities


You were on level 5 of the Dungeon.
You were not hungry.

You visited 1 branch of the dungeon, and saw 5 of its levels.

You collected 205 gold pieces.

Inventory:

Hand Weapons
 k - a +0 dagger of draining
 s - a +0 spear (weapon)
Missiles
 b - 96 stones
 i - 22 poisoned darts (quivered)
Jewellery
 h - a ring of ice (left tentacle)
 l - a ring of stealth (on tentacle)
 p - a ring of stealth (on tentacle)
Scrolls
 j - 2 scrolls of amnesia {unknown}
 o - a scroll of teleportation
 r - a scroll of enchant armour
 u - a scroll of identify
 y - a scroll of remove curse
Potions
 a - 3 potions of berserk rage
 d - a potion of mutation
 e - a potion of resistance
 f - a potion of ambrosia {unknown}
 g - a potion of brilliance {unknown}
 m - 2 potions of curing {unknown}
 n - a potion of flight {unknown}
 q - a potion of lignification {unknown}
 t - a potion of might {unknown}
 v - 2 potions of degeneration {unknown}
 w - a potion of haste {unknown}
 x - a potion of agility {unknown}
Comestibles
 c - 6 rations


   Skills:
 + Level 4.2 Dodging
 - Level 2.6 Stealth
 - Level 3.0 Spellcasting
 + Level 2.4 Conjurations
   Level 1.0 Transmutations
 + Level 4.8 Earth Magic


You had 7 spell levels left.
You knew the following spells:

 Your Spells              Type           Power        Failure   Level  Hunger
a - Sandblast             Erth           ###...       1%          1    None
b - Stone Arrow           Conj/Erth      ###...       10%         3    ###....

Your spell library contained the following spells:

 Spells                   Type           Power        Failure   Level  Hunger
 Passwall                 Tmut/Erth      ##......     6%          2    ##.....
 Confusing Touch          Hex            #.....       14%         1    None
 Confuse                  Hex            #.......     38%         3    ###....
 Gell's Gravitas          Tloc           #.........   38%         3    ###....
 Petrify                  Tmut/Erth      ##......     38%         4    ####...
 Lee's Rapid Deconstruct  Erth           ###.......   47%         5    ######.
 Yara's Violent Unravell  Hex/Tmut       #.........   97%         5    ######.
 Metabolic Englaciation   Hex/Ice        #.........   98%         5    ######.


Dungeon Overview and Level Annotations

Branches:
Dungeon (5/15)
 Temple: D:4-7

Altars:
Gozag
Kikubaaqudgha
Zin

Annotations:
D:5 Menkaure, Sigmund


Innate Abilities, Weirdness & Mutations

You cannot wear most types of armour.
You are very stealthy in the water. (Stealth+)
You are amphibious.
You can wear up to eight rings at the same time.
You can use your tentacles to constrict eight enemies at once.
Your skin changes colour to match your surroundings (Stealth+).
Your rubbery body absorbs attacks. (AC +1, EV +1)


Message History

Sigmund closely misses you.
Throwing (i - inventory. (/) - cycle)
i - 25 poisoned darts (quivered)
Press: ? - help, Shift-Dir - straight line, f/p - Sigmund
Aim: Sigmund, wielding a +0 scythe and wearing a +0 robe (severely wounded)
You throw a poisoned dart.
The poisoned dart barely misses Sigmund.
Throwing (i - inventory. (/) - cycle)
i - 24 poisoned darts (quivered)
Press: ? - help, Shift-Dir - straight line, f/p - Sigmund
Aim: Sigmund, wielding a +0 scythe and wearing a +0 robe (severely wounded)
You throw a poisoned dart.
The poisoned dart closely misses Sigmund.
Sigmund hits you from afar with a +0 scythe!
* * * LOW HITPOINT WARNING * * *
Throwing (i - inventory. (/) - cycle)
i - 23 poisoned darts (quivered)
Press: ? - help, Shift-Dir - straight line, f/p - Sigmund
Aim: Sigmund, wielding a +0 scythe and wearing a +0 robe (severely wounded)
You throw a poisoned dart.
The poisoned dart closely misses Sigmund.
Sigmund hits you from afar with a +0 scythe.
You die...

.......................#
.......................#
.......#...............#
.......#...............#
.......##..............#
.......###............##
......## #............#
......# #...........#
#....## #(..@.@....##
##..## ##...####### ####
#....# ####...##
#........# ..........#
........)...#
............#
.............


You could see Sigmund.

Vanquished Creatures
  An ogre (D:4)
  A worker ant (D:2)
  An iguana (D:5)
  Natasha (twice) (D:2)
  An orc wizard (D:3)
  A howler monkey skeleton (D:4)
  5 adders
  An ooze (D:1)
  An adder skeleton (D:4)
  A dart slug (D:3)
  A leopard gecko (D:1)
  7 orcs
  4 giant cockroaches
  10 goblins
  4 hobgoblins
  9 jackals
  10 kobolds
  2 quokkas
  3 ball pythons
  6 bats
  5 frilled lizards
  A jackal skeleton (D:4)
  6 rats
83 creatures vanquished.

Notes
Turn   | Place    | Note
-------+----------+-------------------------------------------
     0 | D:1      | Mesmaeker13 the Octopode Earth Elementalist began the quest
                  | for the Orb.
     0 | D:1      | Reached XP level 1. HP: 11/11 MP: 3/3
   332 | D:1      | Reached XP level 2. HP: 15/17 MP: 3/5
  1223 | D:1      | Reached XP level 3. HP: 21/21 MP: 6/6
  1835 | D:2      | Noticed Natasha
  1839 | D:2      | Killed Natasha
  1839 | D:2      | Reached XP level 4. HP: 20/27 MP: 4/8
  1919 | D:2      | Found an opulent altar of Gozag.
  1919 | D:2      | Found a glowing silver altar of Zin.
  2042 | D:2      | Learned a level 3 spell: Stone Arrow
  2147 | D:2      | Reached XP level 5. HP: 31/31 MP: 6/9
  2674 | D:2      | Noticed Natasha
  2682 | D:2      | Killed Natasha
  2755 | D:2      | Reached skill level 1 in Conjurations
  3098 | D:3      | Found an ancient bone altar of Kikubaaqudgha.
  3381 | D:3      | Reached XP level 6. HP: 23/36 MP: 10/10
  4472 | D:5      | Entered Level 5 of the Dungeon
  4472 | D:5      | Noticed Menkaure
  4576 | D:5      | Noticed Sigmund
  4598 | D:5      | Slain by Sigmund

Levels and vault maps discovered:
D:1:      scummos_arrival_checkerplants, layout_basic, glass_columns_a
D:2:      layout_basic, grunt_temple_overflow_gold_and_silver, uniq_natasha
D:3:      layout_basic, nicolae_overflow_crystal_walls, first_ration
D:4:      layout_loops_cross
D:5:      layout_cave_pods, nicolae_overflow_hidden_temple, basic_altar,
          uniq_sigmund, uniq_menkaure

Skill      XL: |  1  2  3  4  5  6 |
---------------+-------------------+-----
Dodging        | 3 4 |  4.2
Spellcasting   | 3 |  3.0
Earth Magic    | 4 |  4.8
Conjurations   | 1 2 |  2.4
Stealth        | |  2.6
Transmutations | |  1.0

Action                   |  1- 3 |  4- 6 || total
-------------------------+-------+-------++-------
Melee: Unarmed           |    62 |       ||    62
       Constrict         |    29 |    22 ||    51
       Tentacles         |    17 |    12 ||    29
       Dagger            |    33 |    30 ||    63
       Spear             |       |    46 ||    46
Throw: Dart              |       |     4 ||     4
 Cast: Sandblast         |    12 |    32 ||    44
       Stone Arrow       |       |     4 ||     4
  Use: Scroll            |     2 |     4 ||     6
 Stab: Sleeping          |     2 |     8 ||    10
       Distracted        |       |     2 ||     2
  Eat: Chunk             |     3 |     7 ||    10
       Ration            |       |     1 ||     1
Armor: Skin              |    12 |     7 ||    19
Dodge: Dodged            |    73 |    48 ||   121
